 Dungeon Crawl Stone Soup version 0.32-a0-35-gd9ff480968 (webtiles) character file.

Game seed: 10437876285136359253

569 pokeman the Thaumaturge (level 7, -2/40 HPs)
             Began as a Deep Elf Hedge Wizard on Jan 22, 2024.
             Slain by a kobold brigand
             ... wielding a +1 whip of electrocution
              (19 damage)
             ... on level 4 of the Dungeon.
             The game lasted 00:08:36 (4561 turns).

pokeman the Thaumaturge (Deep Elf Hedge Wizard)     Turns: 4561, Time: 00:08:36

Health: -2/40      AC:  8    Str:  7    XL:     7   Next: 11%
Magic:  7/20       EV: 13    Int: 21    God:
Gold:   263        SH:  0    Dex: 14    Spells: 14/22 levels left

rFire   . . .        i - +0 short sword (flame)
rCold   + . .        (no shield)
rNeg    . . .        b - +0 robe
rPois   .            o - +0 helmet
rElec   .            (no cloak)
rCorr   .            (no gloves)
SInv    .            n - +0 pair of boots
Will    .....        (no amulet)
Stlth   ++           k - +4 ring of protection
HPRegen 0.26/turn    c - ring of protection from cold
MPRegen 0.17/turn

%: no passive effects
@: no status effects
A: no striking features
a: no special abilities


You were on level 4 of the Dungeon.
You visited 1 branch of the dungeon, and saw 4 of its levels.

You collected 285 gold pieces.
You spent 22 gold pieces at shops.

Inventory:

Hand Weapons
 i - a +0 short sword of flaming (weapon)
Armour
 b - a +0 robe (worn)
 n - a +0 pair of boots (worn)
 o - a +0 helmet (worn)
Jewellery
 c - a ring of protection from cold (right hand)
 k - a +4 ring of protection (left hand)
 q - a ring of positive energy
Scrolls
 a - a scroll of acquirement {unknown}
 f - 4 scrolls of teleportation {unknown}
 g - 6 scrolls of identify
 h - 2 scrolls of enchant armour {unknown}
 l - a scroll of fog {unknown}
Potions
 d - a potion of magic
 e - 3 potions of brilliance {unknown}
 j - a potion of heal wounds {unknown}
 m - a potion of attraction {unknown}
 p - 2 potions of lignification {unknown}
 r - a potion of curing {unknown}


   Skills:
 - Level 2.1 Fighting
 + Level 1.0 Armour
 - Level 3.0 Dodging
 - Level 3.0 Stealth
 * Level 8.0 Spellcasting
 + Level 3.9 Conjurations
 - Level 1.1 Summonings
 - Level 1.1 Translocations
 - Level 1.0 Air Magic
 - Level 1.0 Alchemy


You had 14 spell levels left.
You knew the following spells:

 Your Spells              Type           Power      Damage    Failure   Level
a - Magic Dart            Conj           96%        1d7       1%          1
b - Mephitic Cloud        Conj/Alch/Air  16%        N/A       11%         3
c - Call Imp              Summ           26%        N/A       8%          2
d - Blink                 Tloc           26%        N/A       8%          2

Your spell library contained the following spells:

 Spells                   Type           Power      Damage    Failure   Level
 Sting                    Conj/Alch      72%        1d7       3%          1
 Apportation              Tloc           26%        N/A       4%          1
 Slow                     Hex            32%        N/A       8%          1
 Mercury Vapours          Alch/Air       24%        N/A       8%          2
 Cigotuvi's Dreadful Rot  Necr/Alch/Air  22%        N/A       9%          2
 Jinxbite                 Hex            16%        N/A       12%         2
 Olgreb's Toxic Radiance  Alch           12%        N/A       45%         4
 Alistair's Intoxication  Alch           8%         N/A       82%         5


Dungeon Overview and Level Annotations

Branches:
Dungeon (4/15)
 Temple: D:4-7

Altars:

Shops:
D:3 *

Annotations:
D:4 Sigmund


Message History

Aiming: Mephitic Cloud (dangerous; 11% risk of failure)
Press: ? - help, Shift-Dir - straight line, f - kobold brigand
Aim: a kobold brigand, wielding a +1 whip of electrocution and quivering poisoned darts (heavily wounded, ally target, chance to affect: 77%)
Okay, then.
Casting: Mephitic Cloud (dangerous; 11% risk of failure)
Confirm with . or Enter, or press ? or * to list all spells.
Aiming: Mephitic Cloud (dangerous; 11% risk of failure)
Press: ? - help, Shift-Dir - straight line, f - kobold brigand
Aim: a kobold brigand, wielding a +1 whip of electrocution and quivering poisoned darts (heavily wounded, ally target, chance to affect: 77%)
The ball explodes into a vile cloud!
The stinking cloud engulfs the kobold brigand.
The kobold brigand is heavily wounded.
The stinking cloud engulfs the endoplasm.
The endoplasm is severely wounded.
The stinking cloud engulfs your cerulean imp.
The stinking cloud engulfs you.
You are engulfed in noxious fumes.
You choke on the stench!
You are confused.
Your cerulean imp hits the kobold brigand but does no damage.
The kobold brigand is engulfed in noxious fumes.
The kobold brigand barely misses your cerulean imp.
Unknown command.
Unknown command.
Your cerulean imp hits the kobold brigand but does no damage.
The kobold brigand is engulfed in noxious fumes.
You feel less confused.
Your cerulean imp closely misses the kobold brigand.
The kobold brigand is engulfed in noxious fumes.
The kobold brigand appears confused.
You barely miss the kobold brigand.
The kobold brigand is heavily wounded.
Your cerulean imp hits the kobold brigand with a -3 spear.
You hit the kobold brigand but do no damage.
The kobold brigand is heavily wounded.
Your cerulean imp hits the kobold brigand but does no damage.
The endoplasm freezes you.
You are frozen.
You resist.
The kobold brigand hits you with a +1 whip of electrocution.
You are electrocuted!!
You die...

##... ..#####
.... #..#....
... #.......
.. #..... #.
#..)#
#.###...#.#.
#.g§5.......
#.##J.######..
#. #.@K.......
.. ##.).......
... #.#.......
...K
#.#.......
##..S
#.#.......
##..
#.#..†....
#############
#.#.......
............#
#.#####'##
÷##########)#
#.# .#


You could see a kobold brigand (confused, ally target), an endoplasm, a goblin
and a friendly cerulean imp (summoned).

Vanquished Creatures
  An ogre (D:4)
  A kobold brigand (D:4)
  An orc priest (D:4)
  A gnoll bouda (D:4)
  Robin (D:3)
  4 adders
  7 gnolls
  A ribbon worm (D:3)
  6 dart slugs
  9 orcs
  5 bats
  7 endoplasms
  3 giant cockroaches
  15 goblins
  6 hobgoblins
  8 jackals
  4 quokkas
  5 ball pythons
  3 frilled lizards
  6 kobolds
  10 rats
104 creatures vanquished.

Vanquished Creatures (collateral kills)
  An ogre (D:4)
  A hound (D:4)
  A gnoll (D:2)
  An orc (D:4)
  A goblin (D:4)
5 creatures vanquished.

Grand Total: 109 creatures vanquished

Notes
Turn   | Place    | Note
-------+----------+-------------------------------------------
     0 | D:1      | pokeman the Deep Elf Hedge Wizard began the quest for the
                  | Orb.
     0 | D:1      | Reached XP level 1. HP: 10/10 MP: 7/7
   544 | D:1      | Reached XP level 2. HP: 13/16 MP: 3/9
   933 | D:1      | Reached skill level 5 in Spellcasting
  1277 | D:2      | Reached XP level 3. HP: 20/20 MP: 4/11
  1281 | D:2      | Learned a level 3 spell: Mephitic Cloud
  1284 | D:2      | Learned a level 2 spell: Call Imp
  1287 | D:2      | Learned a level 2 spell: Blink
  1702 | D:2      | Reached skill level 1 in Fighting
  1702 | D:2      | Reached skill level 1 in Armour
  1718 | D:2      | Reached XP level 4. HP: 4/25 MP: 3/13
  2319 | D:3      | Found Yppu's General Store.
  2332 | D:3      | Bought a scroll of identify for 22 gold pieces
  2687 | D:3      | Noticed Robin
  2745 | D:3      | Killed Robin
  2746 | D:3      | Reached skill level 6 in Spellcasting
  2762 | D:3      | Reached XP level 5. HP: 27/29 MP: 4/15
  3815 | D:4      | Reached skill level 1 in Air Magic
  3815 | D:4      | Reached skill level 1 in Alchemy
  3833 | D:4      | Reached XP level 6. HP: 32/34 MP: 7/17
  4183 | D:4      | Noticed Sigmund
  4188 | D:4      | Reached skill level 7 in Spellcasting
  4547 | D:4      | Reached skill level 8 in Spellcasting
  4547 | D:4      | Reached XP level 7. HP: 29/40 MP: 13/20
  4561 | D:4      | Slain by a kobold brigand

Illustrated notes

Levels and vault maps discovered:
D:1:      moated_graveyard_arrival, layout_basic
D:2:      layout_rooms, dreamdust_princess_corridor
D:3:      minmay_thinvault, layout_basic, serial_shops, nicolae_square_shop,
          serial_bayou_crossing, uniq_robin
D:4:      minmay_octagon_keep, layout_basic, uniq_sigmund

Skill      XL: |  1  2  3  4  5  6 |
---------------+-------------------+-----
Spellcasting   | 5 6 8 |  8.0
Fighting       | 1 2 |  2.1
Armour         | 1 |  1.0
Conjurations   | 2 3 |  3.9
Stealth        | 3 |  3.0
Dodging        | 3 |  3.0
Air Magic      | 1 |  1.0
Alchemy        | 1 |  1.0
Summonings     | |  1.1
Translocations | |  1.1

Action                     |  1- 3 |  4- 6 |  7- 9 || total
---------------------------+-------+-------+-------++-------
  Melee: Dagger            |    15 |       |       ||    15
         Short sword       |    11 |    73 |     9 ||    93
         Punch             |       |     2 |       ||     2
   Cast: Magic Dart        |    82 |   131 |     2 ||   215
         Mephitic Cloud    |     2 |     9 |     2 ||    13
         Call Imp          |       |     3 |       ||     3
   Stab: Confused          |     1 |    10 |     1 ||    12
 Armour: Robe              |    26 |    52 |     2 ||    80
  Dodge: Dodged            |    25 |    49 |     3 ||    77

Table legend: (Time is in decaauts)
 A = Elapsed time spent in this place.
 B = Non-inter-level travel time spent in this place.
 C = Inter-level travel time spent in this place.
 D = Time resting spent in this place.
 E = Time spent auto-exploring this place.
 F = Levels seen in this place.
 G = Mean time per level.
                   A        B        C        D        E       F      G
               +--------+--------+--------+--------+--------+-----+--------+
         Total |   4568 |   4455 |    113 |    114 |   3695 |   4 | 1142.0 |
       Dungeon |   4568 |   4455 |    113 |    114 |   3695 |   4 | 1142.0 |
               +--------+--------+--------+--------+--------+-----+--------+

Top non-repeatable levels by time:
     D:3: 1447 daAuts
     D:1: 1266 daAuts
     D:2: 1020 daAuts
     D:4: 833 daAuts
